 Dungeon Crawl Stone Soup version 0.31-a0-702-gf82c85558f (webtiles) character file.

Game seed: 12164364026410006119

2415 qw the Skirmisher (level 9, -3/57 HPs)
             Began as a Gargoyle Hunter on Sept 8, 2023.
             Was a Follower of Okawaru.
             Slain by Maggie
             ... wielding a +2 heavy glaive
              (20 damage)
             ... on level 7 of the Dungeon.
             The game lasted 00:02:20 (4785 turns).

qw the Skirmisher (Gargoyle Hunter)                 Turns: 4785, Time: 00:02:21

Health: -3/57      AC: 13    Str: 15    XL:     9   Next: 47%
Magic:  10/12      EV: 14    Int: 10    God:    Okawaru [*.....]
Gold:   369        SH:  0    Dex: 17    Spells: 8/8 levels left

rFire   . . .        Y - +0 orcbow
rCold   + . .        (shield currently unavailable)
rNeg    + . .        p - +0 ring mail {rC+}
rPois   inf          (helmet restricted)
rElec   +            (no cloak)
rCorr   +            (no gloves)
SInv    .            (no boots)
Will    +....        i - amulet of regeneration
Stlth   +++          f - ring of resist corrosion
HPRegen 1.09/turn    n - ring of willpower
MPRegen 0.13/turn

%: no passive effects
@: heroic
A: sickness immunity, AC +6, negative energy resistance 1, electricity
resistance, torment resistance 1, petrification resistance, antennae 1, subdued
magic 1
a: Renounce Religion, Heroism


You were on level 7 of the Dungeon.
You worshipped Okawaru.
Okawaru was aware of your devotion.
You visited 1 branch of the dungeon, and saw 7 of its levels.

You collected 445 gold pieces.
You spent 76 gold pieces at shops.


Innate Abilities, Weirdness & Mutations

You are immune to sickness and miasma.
Your stone body is resilient. (AC +6)
You are immune to poison.
You resist negative energy. (rN+)
You are resistant to electric shocks. (rElec)
You are resistant to unholy torment.
You are immune to petrification.
You have a pair of small antennae on your head.
Your spells are a little easier to cast, but a little less powerful.


   Skills:
 - Level 7.1(12.1) Fighting
 + Level 10.3(15.3) Ranged Weapons
 - Level 3.0(8.0) Armour
 - Level 2.0(7.0) Dodging
 - Level 1.1(6.1) Stealth
 - Level 4.0 Invocations


You had 8 spell levels left.
You didn't know any spells.
Your spell library was empty.

Inventory:

Hand Weapons
 Y - a +0 orcbow (weapon)
Armour
 p - a +0 ring mail of cold resistance (worn)
Jewellery
 f - a ring of resist corrosion (left hand)
 i - an amulet of regeneration (around neck)
 n - a ring of willpower (right hand)
Scrolls
 b - a scroll of teleportation
 c - 6 scrolls of identify
 g - a scroll of revelation {unknown}
Potions
 a - a potion of resistance
 d - 3 potions of enlightenment
 k - a potion of haste {unknown}
 l - 6 potions of curing
 m - a potion of brilliance {unknown}

Dungeon Overview and Level Annotations

Branches:
Dungeon (7/15)             Temple (0/1) D:5

Altars:
Ashenzari
Elyvilon
Hepliaklqana
Makhleb
Okawaru
Ru
Xom
Zin

Shops:
D:2 (*=[

Annotations:
D:4 2 transporters
D:7 Maggie


Message History

There is an open door here.
There is an open door here.
c - 6 scrolls of identify (gained 1)
There is an open door here.
There is an open door here.
Maggie shouts!
Enter note:
Enter note:
Enter note:
Enter note: You shoot an arrow.
The arrow closely misses Maggie.
You shoot an arrow. The arrow barely misses Maggie.
You shoot an arrow. The arrow hits Maggie!
Maggie is lightly wounded.
Maggie mumbles some strange words.
Maggie attempts to bespell you! You resist with almost no effort.
You shoot an arrow. The arrow hits Maggie!
Maggie is moderately wounded.
You shoot an arrow. The arrow barely misses Maggie.
You shoot an arrow. The arrow hits Maggie!
Maggie is heavily wounded.
Maggie hits you from afar with a +2 heavy glaive!!
4779 ||| INVOKING Heroism.
You gain the combat prowess of a mighty hero.
Maggie hits you from afar with a +2 heavy glaive!
You shoot an arrow. The arrow hits Maggie!
Maggie is heavily wounded.
You shoot an arrow. The arrow hits Maggie.
Maggie is severely wounded.
Maggie shouts, "Leave me alone!"
Maggie closely misses you.
You shoot an arrow. The arrow barely misses Maggie.
You shoot an arrow. The arrow hits Maggie.
Maggie is severely wounded.
Maggie hits you from afar with a +2 heavy glaive!
You shoot an arrow. The arrow hits Maggie!
Maggie is almost dead.
You shoot an arrow. The arrow barely misses Maggie.
Maggie hits you from afar with a +2 heavy glaive!!
You die...

#.8...#.#...8. ##### #.......
#.._..#.#.._.. ....# ......#
#.8.8.#.#.8.8. ###.# ......
##...##.##...# #.## .....
#####...##### #..# ...#
#.........# ##.# .@# ##...######
#.# #.###.# ##.## #.# #....@# #.#
#.# #####.# #.# #.# #.# ##'## #.#
#.# ##..<## ## #.# ###.#
##.....## .###.# ##.#.#
##.......## #
..##.########....###.).......####
...................'.........'...
.....########....###.........####


You could see Maggie.

Vanquished Creatures
  A wyvern (D:6)
  Eustachio (D:6)
  A steam dragon (D:7)
  2 water moccasins
  2 orc warriors
  An ice beast (D:5)
  A sky beast (D:7)
  A black bear (D:6)
  4 centaurs
  A phantom (D:7)
  A bullfrog (D:7)
  A scorpion (D:5)
  3 wights (D:7)
  2 howler monkeys
  3 hounds (D:4)
  A gnoll bouda (D:4)
  2 orc priests
  A sleepcap (D:5)
  An iguana (D:4)
  5 orc wizards
  4 gnolls
  10 adders
  2 white imps (D:7)
  A worm (D:5)
  4 dart slugs
  19 orcs
  5 endoplasms
  3 giant cockroaches
  7 goblins
  9 hobgoblins
  2 jackals
  3 quokkas
  9 ball pythons
  6 bats
  3 frilled lizards
  4 kobolds
  6 rats
132 creatures vanquished.

Notes
Turn   | Place    | Note
-------+----------+-------------------------------------------
     0 | D:1      | qw the Gargoyle Hunter began the quest for the Orb.
     0 | D:1      | Reached XP level 1. HP: 12/12 MP: 1/1
     0 | D:1      | 0 ||| qw: Version: 0.3-a-76-g4403597
     0 | D:1      | 0 ||| qw: Game counter: 1184
     0 | D:1      | 0 ||| qw: Melee chars always use a shield: true
     0 | D:1      | 0 ||| qw: God list: Okawaru
     0 | D:1      | 0 ||| qw: Allow faded altars: false
     0 | D:1      | 0 ||| qw: Do Orc after clearing Dungeon:15 true
     0 | D:1      | 0 ||| qw: Do second Lair branch before Depths: true
     0 | D:1      | 0 ||| qw: Lair rune preference: random
     0 | D:1      | 0 ||| qw: Goals: Normal
     0 | D:1      | 0 ||| PLANNING D:1-11
   134 | D:1      | Reached XP level 2. HP: 17/17 MP: 2/2
   320 | D:1      | Reached XP level 3. HP: 21/21 MP: 3/3
   544 | D:1      | Reached skill level 5 in Ranged Weapons
   562 | D:1      | Found a faded altar of an unknown god.
   703 | D:1      | 703 ||| UPGRADING to amulet of regeneration.
   708 | D:1      | 708 ||| UPGRADING to ring of resist corrosion.
   709 | D:1      | 709 ||| READING scroll labelled NIOTEO FUQAZY.
   710 | D:1      | 710 ||| READING scroll labelled AGOIPP SIONKUFUL.
   811 | D:1      | 811 ||| READING scroll labelled YZU IH ONAUD.
   816 | D:1      | 816 ||| READING scroll labelled PUPTEKORCHA.
   817 | D:1      | 817 ||| DRINKING 2 sapphire potions.
   818 | D:1      | 818 ||| DROPPING scroll of butterflies.
   860 | D:2      | Found Ahialefus's Assorted Antiques.
   868 | D:2      | 868 ||| BUYING 2 murky yellow potions (37 gold).
   868 | D:2      | Bought 2 murky yellow potions for 37 gold pieces
   868 | D:2      | 868 ||| BUYING blue potion (18 gold).
   868 | D:2      | Bought a blue potion for 18 gold pieces
   868 | D:2      | 868 ||| SHOPLISTING embroidered robe (77 gold, have 28).
   868 | D:2      | 868 ||| SHOPLISTING potion of curing (63 gold, have 28).
   868 | D:2      | 868 ||| SHOPLISTING ring mail (84 gold, have 28).
   868 | D:2      | 868 ||| SHOPLISTING runed fluorescent wand (84 gold, have
                  | 28).
   868 | D:2      | 868 ||| BUYING scroll labelled CURCHI BAROH (21 gold).
   868 | D:2      | Bought a scroll labelled CURCHI BAROH for 21 gold pieces
   871 | D:2      | Found Kubreana's Antique Weapon Emporium.
   955 | D:2      | Found Yblonad's Armour Emporium.
   972 | D:2      | 972 ||| SHOPLISTING +0 pair of gloves (54 gold, have 42).
   972 | D:2      | 972 ||| SHOPLISTING +0 ring mail (48 gold, have 42).
   972 | D:2      | 972 ||| SHOPLISTING +1 helmet (138 gold, have 42).
  1007 | D:2      | Found Goanol's Jewellery Shop.
  1015 | D:2      | 1015 ||| SHOPLISTING ring of fire (350 gold, have 42).
  1015 | D:2      | 1015 ||| SHOPLISTING ring of see invisible (210 gold, have
                  | 42).
  1263 | D:2      | Reached skill level 3 in Fighting
  1273 | D:2      | Reached XP level 4. HP: 28/28 MP: 4/4
  1359 | D:2      | 1359 ||| UPGRADING to +0 ring mail.
  1369 | D:2      | 1369 ||| DROPPING +0 leather armour.
  1370 | D:2      | 1370 ||| UPGRADING to ring of willpower.
  1371 | D:2      | 1371 ||| READING scroll labelled CURCHI BAROH.
  1372 | D:2      | 1372 ||| READING scroll labelled XURITE GO AREPP.
  1373 | D:2      | 1373 ||| DRINKING 2 murky yellow potions.
  1374 | D:2      | 1374 ||| DRINKING 2 blue potions.
  1374 | D:2      | Gained mutation: Potions are less effective at restoring
                  | your health. [potion of mutation]
  1375 | D:2      | 1375 ||| DRINKING potion of mutation.
  1375 | D:2      | Lost mutation: Potions are less effective at restoring your
                  | health. [potion of mutation]
  1375 | D:2      | Gained mutation: You have a pair of small antennae on your
                  | head. [potion of mutation]
  1375 | D:2      | Gained mutation: Your spells are a little easier to cast,
                  | but a little less powerful. [potion of mutation]
  1572 | D:3      | Reached skill level 1 in Armour
  2013 | D:3      | 2013 ||| READING scroll labelled UBOSTR WILIO.
  2014 | D:3      | 2014 ||| READING 2 scrolls of identify.
  2014 | D:3      | 2014 ||| IDENTIFYING cyan potion
  2048 | D:4      | Found a transporter.
  2088 | D:4      | Reached XP level 5. HP: 32/32 MP: 5/5
  2123 | D:4      | Found a transporter.
  2135 | D:4      | Reached skill level 6 in Ranged Weapons
  2264 | D:4      | Reached XP level 6. HP: 38/38 MP: 6/6
  2375 | D:4      | 2375 ||| READING scroll labelled TUALIE UXEDASM.
  2376 | D:4      | 2376 ||| READING 2 scrolls of identify.
  2376 | D:4      | 2376 ||| IDENTIFYING murky coppery potion
  2398 | D:5      | Entered Level 5 of the Dungeon
  2399 | D:5      | 2399 ||| STAIRDANCE
  2426 | D:5      | Noticed a water moccasin
  2427 | D:5      | 2427 ||| STAIRDANCE
  2429 | D:4      | 2429 ||| Stepping ~*~*~tactically~*~*~ (retreating).
  2430 | D:4      | 2430 ||| Stepping ~*~*~tactically~*~*~ (retreating).
  2431 | D:4      | 2431 ||| Stepping ~*~*~tactically~*~*~ (retreating).
  2432 | D:4      | 2432 ||| Stepping ~*~*~tactically~*~*~ (retreating).
  2433 | D:4      | 2433 ||| Stepping ~*~*~tactically~*~*~ (retreating).
  2434 | D:4      | 2434 ||| Stepping ~*~*~tactically~*~*~ (retreating).
  2448 | D:4      | Killed a water moccasin
  2449 | D:4      | Reached skill level 7 in Ranged Weapons
  2458 | D:5      | 2458 ||| STAIRDANCE
  2466 | D:5      | 2466 ||| STAIRDANCE
  2472 | D:5      | 2472 ||| STAIRDANCE
  2487 | D:5      | 2487 ||| STAIRDANCE
  2500 | D:4      | Reached XP level 7. HP: 43/43 MP: 7/7
  2504 | D:5      | 2504 ||| STAIRDANCE
  2516 | D:5      | 2516 ||| STAIRDANCE
  2527 | D:5      | 2527 ||| STAIRDANCE
  2540 | D:5      | 2540 ||| STAIRDANCE
  2569 | D:5      | 2569 ||| READING scroll of enchant weapon.
  2569 | D:5      | 2569 ||| ENCHANTING +1 shortbow of draining.
  2710 | D:5      | Found a shimmering altar of Xom.
  2716 | D:5      | Found an iron altar of Okawaru.
  2717 | D:5      | 2717 ||| PLANNING OKAWARU WORSHIP
  2717 | D:5      | 2717 ||| READING scroll labelled ZAUDAENAOS.
  2718 | D:5      | 2718 ||| READING 2 scrolls of identify.
  2718 | D:5      | 2718 ||| IDENTIFYING fizzy pink potion
  2719 | D:5      | 2719 ||| DROPPING potion of lignification.
  2727 | D:5      | Became a worshipper of Warmaster Okawaru
  2728 | D:5      | 2728 ||| PLANNING D:1-11
  2732 | D:5      | Found a hazy altar of Hepliaklqana.
  2834 | D:5      | Found a staircase to the Ecumenical Temple.
  2870 | D:5      | 2870 ||| RETREATING.
  2873 | D:5      | 2873 ||| Stepping ~*~*~tactically~*~*~ (retreating).
  2881 | D:5      | Reached skill level 8 in Ranged Weapons
  3159 | D:6      | Noticed a wyvern
  3165 | D:6      | Killed a wyvern
  3165 | D:6      | Reached * piety under Okawaru
  3166 | D:6      | Reached XP level 8. HP: 43/49 MP: 8/8
  3208 | D:6      | Found a burning altar of Makhleb.
  3238 | D:6      | Noticed Eustachio
  3239 | D:6      | 3239 ||| Stepping ~*~*~tactically~*~*~ (outnumbered).
  3240 | D:6      | 3240 ||| INVOKING Heroism.
  3241 | D:6      | 3241 ||| Stepping ~*~*~tactically~*~*~ (outnumbered).
  3248 | D:6      | Reached skill level 1 in Invocations
  3256 | D:6      | 3256 ||| INVOKING Heroism.
  3267 | D:6      | Killed Eustachio
  3268 | D:6      | Reached skill level 9 in Ranged Weapons
  3345 | D:6      | 3345 ||| READING scroll of enchant weapon.
  3345 | D:6      | 3345 ||| ENCHANTING +2 shortbow of draining.
  3475 | D:6      | Reached skill level 3 in Invocations
  3521 | D:6      | 3521 ||| SWAPPING to +0 orcbow.
  3522 | D:6      | 3522 ||| INVOKING Heroism.
  3555 | D:6      | 3555 ||| DROPPING +3 shortbow of draining.
  3642 | D:6      | 3642 ||| INVOKING Heroism.
  3761 | D:6      | 3761 ||| UPGRADING to +0 ring mail of cold resistance.
  3771 | D:6      | 3771 ||| DROPPING +0 ring mail.
  3772 | D:6      | 3772 ||| READING scroll labelled MEIMES XEA.
  3773 | D:6      | 3773 ||| READING 2 scrolls of identify.
  3773 | D:6      | 3773 ||| IDENTIFYING metallic clear potion
  3774 | D:6      | 3774 ||| DROPPING potion of attraction.
  3786 | D:7      | 3786 ||| STAIRDANCE
  3790 | D:6      | Reached skill level 6 in Fighting
  3796 | D:7      | 3796 ||| INVOKING Heroism.
  3803 | D:7      | Reached skill level 3 in Armour
  3859 | D:7      | Reached XP level 9. HP: 49/55 MP: 12/12
  3859 | D:7      | 3859 ||| FLEEEEING.
  3900 | D:7      | 3900 ||| INVOKING Heroism.
  3905 | D:7      | 3905 ||| Stepping ~*~*~tactically~*~*~ (outnumbered).
  3906 | D:7      | 3906 ||| Stepping ~*~*~tactically~*~*~ (outnumbered).
  3907 | D:7      | 3907 ||| Stepping ~*~*~tactically~*~*~ (outnumbered).
  3961 | D:7      | Reached skill level 10 in Ranged Weapons
  4008 | D:7      | Found a white marble altar of Elyvilon.
  4011 | D:7      | 4011 ||| INVOKING Heroism.
  4013 | D:7      | 4013 ||| Stepping ~*~*~tactically~*~*~ (cloud).
  4027 | D:7      | 4027 ||| INVOKING Heroism.
  4059 | D:7      | Found a broken altar of Ashenzari.
  4062 | D:7      | Found a sacrificial altar of Ru.
  4065 | D:7      | Found a glowing silver altar of Zin.
  4118 | D:7      | 4118 ||| INVOKING Heroism.
  4171 | D:7      | Noticed Maggie
  4174 | D:7      | 4174 ||| INVOKING Heroism.
  4190 | D:7      | 4190 ||| INVOKING Heroism.
  4190 | D:7      | HP: 4/57 [Maggie/+2 heavy glaive (13)]
  4191 | D:7      | 4191 ||| READING scroll of teleportation.
  4192 | D:7      | 4192 ||| DRINKING potion of heal wounds.
  4195 | D:7      | HP: 4/57 [Maggie/bolt of fire (12)]
  4779 | D:7      | 4779 ||| INVOKING Heroism.
  4785 | D:7      | Slain by Maggie

Levels and vault maps discovered:
D:1:      scummos_arrival_simple_crosswalls, layout_basic,
          shapermc_ecumenical_altar_mp_ritualfount, minmay_pentomino_z4
D:2:      minmay_spotlight, layout_basic, serial_shops, shop,
          nicolae_shop_stone, shop, shop
D:3:      layout_basic, chequers_arboretum
D:4:      gammafunk_wand_slinger, layout_rooms, minmay_crystal_water
D:5:      layout_cave_pools, minmay_overflow_temple_star_quad,
          minmay_temple_entry_overgrown, minmay_diced_spiral
D:6:      layout_basic, bloody_makhleb, uniq_eustachio
D:7:      layout_loops_corners, grunt_temple_overflow_cloverleaf, uniq_maggie

Skill      XL: |  1  2  3  4  5  6  7  8  9 |
---------------+----------------------------+-----
Ranged Weapons | 5 6 7 8 9 10 | 10.3
Fighting       | 3 4 5 6 7 |  7.1
Armour         | 1 3 |  3.0
Dodging        | 2 |  2.0
Invocations    | 4 |  4.0
Stealth        | |  1.1

Action                     |  1- 3 |  4- 6 |  7- 9 || total
---------------------------+-------+-------+-------++-------
   Fire: Shortbow          |   110 |   131 |   118 ||   359
         Orcbow            |       |       |   167 ||   167
 Invoke: Heroism           |       |       |    12 ||    12
    Use: Scroll            |     4 |     6 |     7 ||    17
         Potion            |     1 |     3 |     1 ||     5
 Armour: Leather armour    |    25 |     5 |       ||    30
         Ring mail         |       |    61 |   138 ||   199
  Dodge: Dodged            |    30 |    43 |    95 ||   168

Table legend:
 A = Non-vault XP
 B = Vault XP
 C = Vault XP percentage of total XP
 D = Non-vault monster count
 E = Vault monster count
 F = Vault count percentage of total count
                 A         B        C        D         E       F
            +---------+---------+-------+---------+---------+-------
      Total |    2982 |     469 |  13.6 |     115 |      17 |  12.9
            +---------+---------+-------+---------+---------+-------
        D:1 |      40 |       9 |  18.4 |      26 |       4 |  13.3
        D:2 |      50 |      13 |  20.6 |      14 |       7 |  33.3
        D:3 |      37 |       0 |   0.0 |       8 |       0 |   0.0
        D:4 |     516 |       0 |   0.0 |      26 |       0 |   0.0
        D:5 |      98 |     251 |  71.9 |       6 |       5 |  45.5
        D:6 |     900 |     196 |  17.9 |      17 |       1 |   5.6
        D:7 |    1341 |       0 |   0.0 |      18 |       0 |   0.0
            +---------+---------+-------+---------+---------+-------
